 Dungeon Crawl Stone Soup version 0.24.0-10-g970556be89 (webtiles) character file.

Game seed: 2093773023782493643, levelgen mode: deterministic

10573 Mesmaeker13 the Destroyer (level 11, -1/61 HPs)
             Began as an Octopode Conjurer on Nov 3, 2019.
             Was an Elder of Sif Muna.
             Splashed by Harold's acid (12 damage)
             ... on level 1 of the Lair of Beasts.
             The game lasted 00:35:08 (18497 turns).

Mesmaeker13 the Destroyer (Octopode Conjurer)      Turns: 18497, Time: 00:35:09

Health: -1/61      AC: -1    Str:  8    XL:     11   Next: 64%
Magic:  10/32      EV: 19    Int: 20    God:    Sif Muna [****..]
Gold:   496        SH: 13    Dex: 13    Spells: 8/18 levels left

rFire    . . .     SeeInvis .   x - staff of power
rCold    + + .     Gourm    .   y - +2 buckler
rNeg     . . .     Faith    .   (helmet restricted)
rPois    .         Spirit   .   v - +5 amulet of reflection
rElec    .         Reflect  +   q - ring of stealth
rCorr    .         Harm     .   u - ring of protection from cold
MR       .....                  e - ring of protection from cold
Stlth    ++++......             (no ring)
HPRegen  0.20/turn              (no ring)
MPRegen  0.23/turn              (no ring)
                                (no ring)
                                (no ring)

@: about to teleport, marked, corroded, very slightly contaminated
A: almost no armour, stealthy swim, amphibious, 8 rings, constrict 8, molten
scales 1, camouflage 1, wild magic 2, gelatinous body 1
a: Channel Magic, Forget Spell, Divine Exegesis, Renounce Religion


You were on level 1 of the Lair of Beasts.
You worshipped Sif Muna.
Sif Muna was greatly pleased with you.
You were not hungry.

You visited 3 branches of the dungeon, and saw 13 of its levels.
You also visited: Ossuary.

You collected 496 gold pieces.

Inventory:

Hand Weapons
 c - a +5 dagger
 t - the +7 mace "Orb Guardian's Doom" {drain, Int+3}
   (You found it on level 5 of the Dungeon)

   A truly terrible weapon, it drains the life of those it strikes.
   It affects your intelligence (+3).
Missiles
 w - 2 throwing nets (quivered)
Armour
 y - a +2 buckler (worn)
 I - the +5 shield of the Nexus {-Tele MR+ Regen+ Stlth+}
   (You found it on level 8 of the Dungeon)

   It affects your resistance to hostile enchantments.
   It prevents most forms of teleportation.
   It increases your rate of regeneration.
   It makes you more stealthy.
Magical Staves
 x - an uncursed staff of power (weapon)
Jewellery
 e - a ring of protection from cold (on tentacle)
 q - a ring of stealth (left tentacle)
 u - a ring of protection from cold (right tentacle)
 v - a +5 amulet of reflection (around mantle)
 J - an uncursed amulet of harm
Wands
 D - a wand of scattershot (4)
Scrolls
 a - 2 scrolls of magic mapping {unknown}
 d - 3 scrolls of blinking {unknown}
 g - 2 scrolls of fear
 h - 6 scrolls of remove curse
 k - 2 scrolls of amnesia {unknown}
 l - a scroll of random uselessness {unknown}
 m - a scroll of immolation {unknown}
 o - a scroll of enchant armour
 r - 5 scrolls of teleportation
 s - 2 scrolls of fog {unknown}
 z - a scroll of noise {unknown}
Potions
 f - a potion of invisibility {unknown}
 i - 5 potions of curing
 n - 2 potions of flight {unknown}
 p - a potion of mutation
 B - a potion of resistance
 C - 2 potions of agility {unknown}
 E - 4 potions of might
 F - a potion of haste {unknown}
 H - a potion of brilliance {unknown}
 K - 2 potions of lignification {unknown}
Miscellaneous
 G - a box of beasts
Comestibles
 b - 9 rations


   Skills:
 + Level 9.8 Dodging
 - Level 2.6 Stealth
 + Level 7.1 Shields
 - Level 4.2 Spellcasting
 + Level 10.4 Conjurations
 + Level 8.6 Hexes


You had 8 spell levels left.
You knew the following spells:

 Your Spells              Type           Power        Failure   Level  Hunger
a - Magic Dart            Conj           ####         1%          1    None
b - Searing Ray           Conj           ######       1%          2    #......
c - Dazzling Spray        Conj/Hex       ######       3%          3    ###....
d - Fulminant Prism       Conj/Hex       ######....   8%          4    ####...

Your spell library contained the following spells:

 Spells                   Type           Power        Failure   Level  Hunger
 Confusing Touch          Hex            ######       2%          1    None
 Iskenderun's Mystic Bla  Conj           ######..     6%          4    ####...
 Animate Skeleton         Necr           N/A          26%         1    None
 Apportation              Tloc           #.....       26%         1    None
 Summon Small Mammal      Summ           #...         26%         1    None
 Force Lance              Conj/Tloc      #####...     28%         4    ####...


Dungeon Overview and Level Annotations

Branches:
Dungeon (10/15)            Temple (1/1) D:4            Lair (2/6) D:9
Ossuary (visited)
  Swamp: Lair:2-4    Shoals: Lair:2-4     Snake: Lair:2-4    Spider: Lair:2-4
    Orc: D:9-12

Altars:
Ashenzari
Cheibriados
Dithmenos
Elyvilon
Fedhas
Gozag
Hepliaklqana
Kikubaaqudgha
Makhleb
Nemelex Xobeh
Okawaru
Qazlal
Ru
Sif Muna
Trog
Uskayaw
Vehumet
Wu Jian
Xom
Yredelemnul
Zin
The Shining One

Annotations:
D:7 1 runed translucent door, Lanoc's ghost, novice HOCK
Lair:1 Harold
Lair:2 Gastronok


Innate Abilities, Weirdness & Mutations

You cannot wear most types of armour.
You are very stealthy in the water. (Stealth+)
You are amphibious.
You can wear up to eight rings at the same time.
You can use your tentacles to constrict eight enemies at once.
Your skin changes colour to match your surroundings (Stealth+).
Your rubbery body absorbs attacks. (AC +1, EV +1)
You are partially covered in molten scales. (AC +2)
Your spells are harder to cast, but more powerful.


Message History

Press: ? - help, Shift-Dir - straight line, f/p - Harold
Aim: Harold, wielding a +0 war axe, wearing a +0 scale mail and carrying a wand of acid (12) (severely wounded, blind)
The spray of energy hits Harold but does no damage.
Harold is severely wounded.
The spray of energy hits the bat!
You kill the bat!
The bat's corpse disappears in a puff of smoke!
The spray of energy hits the plant but does no damage.
Harold hits you with a +0 war axe! You block Harold's attack.
You climb upwards.
There is a stone staircase leading down here.
As you read the scroll of teleportation, it crumbles to dust.
You feel strangely unstable.
Harold is no longer blind.
Harold says, "I was hoping my final job would be more of a challenge, but money is money."
Harold zaps a wand.
The bolt of acid hits you!
* * * LOW HITPOINT WARNING * * *
The acid corrodes you!
You are splashed with acid!
You die...

#....#.#...#.# ##....###
.....#.....#.# ##.....##.
.............# ##.........
......#.#..### ### ##..........
#.#..##.....####.## #...........
#.⌠..#....##....⌠.## #...........
.....#..........@..###...........
⌠.>..+...⌠...+..>.⌠.#............
.............#..@..###...........
..⌠.##..##.#.##.⌠..# #...........
###.###.....####..## ######.#....
##....##...##......# ###..###
.#####......##.....# ###.#.###
....#........#.....# ###.#...#.##
...#.........#....## #...........
..##.....⌠...#[....###........(..
..#....#...#.#...................


You could see Harold.

Vanquished Creatures
  3 hydras
  A two-headed ogre (D:9)
  An elephant (D:9)
  2 spiny frogs
  A troll (D:10)
  Grinder (D:5)
  3 hippogriffs
  A basilisk (Lair:1)
  A hungry ghost (D:9)
  Duvessa (D:7)
  3 water moccasins
  2 orc warriors
  2 porcupines (Lair:1)
  3 sky beasts
  A hornet zombie (D:10)
  2 ice beasts
  A phantom (D:9)
  An eye of draining (D:8)
  5 ogres
  A necrophage (D:10)
  3 centaurs
  3 crocodiles
  A big kobold (D:10)
  3 elf zombies (Ossuary)
  10 bullfrogs
  Dowan (D:7)
  A wyvern skeleton (D:7)
  A wyvern zombie (D:9)
  2 scorpions
  2 electric eels (Lair:1)
  3 crimson imps
  2 bullfrog zombies
  4 howler monkeys
  4 centaur zombies
  A human zombie (Ossuary)
  2 jellies
  Crazy Yiuf (D:3)
  8 hounds
  4 orc priests
  A centaur skeleton (D:9)
  6 orc wizards
  3 bullfrog skeletons
  5 iguanas
  12 worker ants
  A hound zombie (D:5)
  A hound skeleton (D:6)
  2 mummies (Ossuary)
  6 gnolls
  11 adders
  3 howler monkey skeletons
  A shadow imp (D:6)
  3 oozes
  2 adder zombies (Ossuary)
  3 worms
  2 dart slugs
  5 leopard geckos
  30 orcs
  2 ball pythons
  3 giant cockroaches
  7 goblins
  11 hobgoblins
  8 jackals
  6 kobolds
  6 quokkas
  5 bats
  5 frilled lizards
  9 hobgoblin zombies (Ossuary)
  A jackal skeleton (D:4)
  11 kobold zombies (Ossuary)
  7 orc zombies (Ossuary)
  A quokka zombie (D:4)
  7 rats
  A rat zombie (Ossuary)
  A fungus (D:3)
  A plant (Lair:2)
281 creatures vanquished.

Vanquished Creatures (others)
  4 orcs (D:6)
  20 fulminant prisms
24 creatures vanquished.

Grand Total: 305 creatures vanquished

Notes
Turn   | Place    | Note
-------+----------+-------------------------------------------
     0 | D:1      | Mesmaeker13 the Octopode Conjurer began the quest for the
                  | Orb.
     0 | D:1      | Reached XP level 1. HP: 11/11 MP: 3/3
   400 | D:1      | Reached XP level 2. HP: 12/17 MP: 5/5
  1249 | D:1      | Reached XP level 3. HP: 21/21 MP: 3/6
  2084 | D:2      | Reached XP level 4. HP: 19/27 MP: 0/8
  2721 | D:2      | Found a snail-covered altar of Cheibriados.
  3337 | D:3      | Noticed a bullfrog
  3345 | D:2      | Learned a level 2 spell: Searing Ray
  3570 | D:3      | Found a basalt altar of Yredelemnul.
  3591 | D:3      | Killed a bullfrog
  3591 | D:3      | Reached skill level 5 in Conjurations
  3591 | D:3      | Reached XP level 5. HP: 31/31 MP: 3/9
  3866 | D:3      | Reached XP level 6. HP: 36/36 MP: 3/11
  4472 | D:3      | Found a shadowy altar of Dithmenos.
  4629 | D:3      | Found a runed translucent door.
  4630 | D:3      | Noticed Crazy Yiuf
  4637 | D:3      | Killed Crazy Yiuf
  5230 | D:4      | Found a staircase to the Ecumenical Temple.
  5274 | Temple   | Entered the Ecumenical Temple
  5395 | Temple   | Became a worshipper of Sif Muna the Loreminder
  6159 | D:4      | Gained mutation: You are partially covered in molten
                  | scales. (AC +2) [potion of mutation]
  6159 | D:4      | Gained mutation: Your spells are a little harder to cast,
                  | but a little more powerful. [potion of mutation]
  6159 | D:4      | Gained mutation: Your spells are harder to cast, but more
                  | powerful. [potion of mutation]
  6418 | D:4      | Found an opulent altar of Gozag.
  6918 | D:4      | Reached XP level 7. HP: 41/41 MP: 9/13
  6954 | D:4      | Found a sacrificial altar of Ru.
  6954 | D:4      | Found a burning altar of Makhleb.
  7150 | D:5      | Entered Level 5 of the Dungeon
  7195 | D:5      | Learned a level 3 spell: Dazzling Spray
  7293 | D:5      | Reached skill level 1 in Shields
  7385 | D:5      | Reached skill level 6 in Conjurations
  7385 | D:5      | Reached skill level 1 in Hexes
  7712 | D:5      | Reached skill level 5 in Dodging
  7712 | D:5      | Reached XP level 8. HP: 46/46 MP: 5/14
  7731 | D:5      | Noticed Grinder
  7757 | D:5      | Killed Grinder
  7977 | D:5      | Reached * piety under Sif Muna
  8014 | D:5      | Found a hide-covered altar of Uskayaw.
  8018 | D:5      | Found a basalt altar of Yredelemnul.
  8090 | D:5      | Found a hazy altar of Hepliaklqana.
  8140 | D:5      | Got a slimy mace
  9237 | D:6      | Reached skill level 7 in Conjurations
  9659 | D:6      | Reached XP level 9. HP: 51/51 MP: 9/15
 10213 | D:7      | Found a sand-covered staircase.
 10218 | Ossuary  | Entered an ossuary
 10689 | Ossuary  | Learned a level 4 spell: Fulminant Prism
 10714 | Ossuary  | Reached ** piety under Sif Muna
 11208 | Ossuary  | Identified the +7 mace "Orb Guardian's Doom" {drain, Int+3}
                  | (You found it on level 5 of the Dungeon)
 11523 | D:7      | Reached skill level 5 in Hexes
 11710 | D:7      | Reached skill level 8 in Conjurations
 11817 | D:7      | Noticed Lanoc's ghost (novice HOCK)
 11840 | D:7      | Found a runed translucent door.
 11944 | D:7      | Noticed Duvessa
 11956 | D:7      | Noticed Dowan
 11960 | D:7      | Killed Duvessa
 11962 | D:7      | Killed Dowan
 12684 | D:8      | Found a white marble altar of Elyvilon.
 12684 | D:8      | Found a glowing silver altar of Zin.
 12685 | D:8      | Found a glowing golden altar of the Shining One.
 13140 | D:8      | Found a shadowy altar of Dithmenos.
 13192 | D:8      | Reached XP level 10. HP: 55/56 MP: 16/16
 13581 | D:8      | Got a twisted shield
 13583 | D:8      | Identified the +5 shield of the Nexus {-Tele MR+ Regen+
                  | Stlth+} (You found it on level 8 of the Dungeon)
 13763 | D:9      | Noticed an elephant
 14038 | D:9      | Found an iron altar of Okawaru.
 14080 | D:9      | Reached *** piety under Sif Muna
 14118 | D:9      | Found a staircase to the Lair.
 14180 | D:9      | Killed an elephant
 14180 | D:9      | Reached skill level 9 in Conjurations
 14483 | D:9      | Found an ornate altar of the Wu Jian Council.
 14733 | D:9      | Noticed a two-headed ogre
 14749 | D:9      | Killed a two-headed ogre
 14749 | D:9      | Reached skill level 5 in Shields
 15202 | D:10     | Entered Level 10 of the Dungeon
 15946 | D:10     | Reached XP level 11. HP: 61/61 MP: 17/17
 16129 | Lair:1   | Entered Level 1 of the Lair of Beasts
 16314 | Lair:1   | Reached **** piety under Sif Muna
 16464 | Lair:1   | Noticed an eight-headed hydra
 16474 | Lair:1   | Killed an eight-headed hydra
 16539 | Lair:1   | Reached skill level 10 in Conjurations
 17754 | Lair:2   | Noticed a five-headed hydra
 17772 | Lair:2   | Killed a five-headed hydra
 17902 | Lair:2   | Noticed a five-headed hydra
 17962 | Lair:2   | Noticed Harold
 17970 | Lair:2   | Killed a five-headed hydra
 18323 | Lair:2   | Noticed Gastronok
 18497 | Lair:1   | Splashed by Harold's acid

Levels and vault maps discovered:
D:1:      minmay_arrival_four_houses, layout_basic
D:2:      layout_basic, kennysheep_slug_shrine
D:3:      layout_rooms, nicolae_dithmenos_shadow_blocks, st_stairs_3,
          yredelemnul_altar_generic, uniq_crazy_yiuf_cottage
D:4:      layout_gridville, nicolae_gozag_cash_rules_everything_around_me,
          gammafunk_temple_overflow_elements, minmay_temple_entry_slanted
D:5:      layout_cave_pools, gammafunk_temple_overflow_forgotten, first_ration,
          uniq_grinder
D:6:      layout_basic, hex_large, grunt_decor_fettered, lemuel_flamethrower_1
D:7:      layout_basic, nicolae_ossuary_entry_false_entrances,
          hellmonk_ghost_happy_afterlife, uniq_duvessa
D:8:      layout_basic, good_gods_temple_1, basic_altar
D:9:      layout_roguey, okawaru_metal_pillars_1_2,
          nicolae_overflow_hidden_temple, david_lair_generic
D:10:     layout_basic, kennysheep_orc_monster_closet_entryway, the_bakery
Temple:   nicolae_temple_figure_zero
Lair:1:   layout_cave_pods, serial_bayou_shore_a, grunt_megastairs_1
Lair:2:   layout_concentric_octagons, chequers_serial_rivers_large_a,
          uniq_harold, uniq_gastronok

Skill      XL: |  1  2  3  4  5  6  7  8  9 10 11 |
---------------+----------------------------------+-----
Dodging        | 3 4 5 6 7 9 |  9.8
Spellcasting   | 3 4 |  4.2
Conjurations   | 5 6 7 8 9 10 | 10.4
Shields        | 2 4 5 7 |  7.1
Hexes          | 2 4 6 7 8 |  8.6
Stealth        | |  2.6

Action                   |  1- 3 |  4- 6 |  7- 9 | 10-12 || total
-------------------------+-------+-------+-------+-------++-------
Melee: Unarmed           |     8 |       |       |       ||     8
       Dagger            |    17 |    42 |    40 |       ||    99
       Constrict         |     5 |     6 |    13 |     6 ||    30
       Tentacles         |     2 |     7 |     6 |     3 ||    18
       Staff             |       |       |     8 |    20 ||    28
       Mace              |       |       |     4 |       ||     4
Throw: Throwing net      |       |       |     1 |     1 ||     2
 Cast: Magic Dart        |    52 |    95 |   113 |    97 ||   357
       Searing Ray       |       |    21 |    57 |    53 ||   131
       Dazzling Spray    |       |       |     1 |    15 ||    16
       Fulminant Prism   |       |       |     3 |    17 ||    20
Evoke: Wand              |       |       |     7 |    12 ||    19
  Use: Scroll            |     3 |     1 |     4 |     8 ||    16
       Potion            |       |     2 |     5 |     2 ||     9
 Stab: Sleeping          |       |     2 |     2 |       ||     4
  Eat: Chunk             |     4 |    11 |     8 |    12 ||    35
       Ration            |       |     1 |     4 |     3 ||     8
Armor: Skin              |     2 |     6 |    11 |     5 ||    24
Dodge: Dodged            |    26 |    46 |    66 |    83 ||   221
Block: Buckler           |       |       |    66 |    71 ||   137
       Reflection        |       |       |     2 |     2 ||     4
